 Dungeon Crawl Stone Soup version 0.30.0-16-gbe6223bb7e (webtiles) character file.

Game seed: 11008218588265622341

373 esper6 the Covert (level 6, 0/32 HPs)
             Began as a Vine Stalker Delver on May 20, 2023.
             Slain by an iguana (8 damage)
             ... on level 4 of the Dungeon.
             The game lasted 00:06:04 (1489 turns).

esper6 the Covert (Vine Stalker Delver)             Turns: 1489, Time: 00:06:04

Health: 0/32       AC:  5    Str: 15    XL:     6   Next: 72%
Magic:  0/7        EV: 11    Int: 10    God:
Gold:   183        SH:  0    Dex: 17    Spells: 5/5 levels left

rFire   . . .        i - +1 dagger of Pain and Death {vamp, rElec rC- Will++ rCorr}
rCold   x . .        (no shield)
rNeg    . . .        n - +0 ring mail
rPois   .            (no helmet)
rElec   +            (no cloak)
rCorr   +            (no gloves)
SInv    .            (no boots)
Will    ++...        (no amulet)
Stlth   +++          (no ring)
HPRegen 1.05/turn    (no ring)
MPRegen 0.10/turn

%: guardian spirit
@: no status effects
A: fangs 2, regeneration 1, magic shield, antimagic bite, no potion heal 2
a: no special abilities


You were on level 4 of the Dungeon.
You visited 1 branch of the dungeon, and saw 5 of its levels.

You collected 183 gold pieces.

Inventory:

Hand Weapons
 a - a +0 short sword
 i - the +1 dagger of Pain and Death (weapon) {vamp, rElec rC- Will++ rCorr}
   (You found it on level 4 of the Dungeon)

   rC:        It makes you vulnerable to cold.
   rElec:     It insulates you from electricity.
   rCorr:     It protects you from acid and corrosion.
   Will:      It greatly increases your willpower.
 r - a +2 dagger of venom
Armour
 n - a +0 ring mail (worn)
Wands
 g - a wand of digging (3)
Scrolls
 c - 3 scrolls of fog
 d - a scroll of magic mapping
 e - a scroll of fear
 h - 3 scrolls of teleportation {unknown}
 j - 2 scrolls of identify {unknown}
 k - a scroll of immolation {unknown}
 l - a scroll of enchant weapon {unknown}
 o - a scroll of vulnerability {unknown}
 p - a scroll of poison {unknown}
 q - a scroll of noise {unknown}
Potions
 f - 3 potions of haste
 m - a potion of degeneration {unknown}


   Skills:
 + Level 3.2 Fighting
 * Level 3.6 Short Blades
 + Level 2.2 Dodging
 + Level 8.7 Stealth


You had 5 spell levels left.
You didn't know any spells.
Your spell library contained the following spells:

 Spells                   Type           Power      Damage    Failure   Level
 Inner Flame              Hex/Fire       0%         N/A       92%         3
 Yara's Violent Unravell  Hex/Tmut       0%         3d3       100%        5
 Enfeeble                 Hex            0%         N/A       100%        7


Dungeon Overview and Level Annotations

Branches:
Dungeon (5/15)
 Temple: D:4-7

Altars:
Hepliaklqana
Nemelex Xobeh
Wu Jian

Annotations:
D:3 Sigmund
D:4 3 transporters, Eustachio


Innate Abilities, Weirdness & Mutations

You have extremely sharp teeth.
Your natural rate of healing is unusually fast.
When hurt, damage is shared between your health and your magic reserves.
Your bite disrupts and absorbs the magic of your enemies.
Potions cannot restore your health.


Message History

You kill the quokka!
There is a stone staircase leading down here.
The iguana hisses angrily.
You hit the iguana but do no damage. You bite the iguana. You drain its power.
The iguana is lightly wounded.
The iguana bites you!
You hit the iguana but do no damage. Your bite misses the iguana.
The iguana is lightly wounded.
The iguana bites you.
You hit the iguana but do no damage. You bite the iguana, but do no damage.
The iguana is lightly wounded.
The iguana bites you!
You barely miss the iguana. You bite the iguana, but do no damage.
The iguana is lightly wounded.
The iguana bites you!
You are too injured to fight recklessly!
You feel the dreadful sensation subside.
Your +2 dagger of venom begins to drip with poison!
r - a +2 dagger of venom (weapon)
You hit the iguana but do no damage.
The iguana is poisoned.
You bite the iguana, but do no damage.
The iguana is lightly wounded.
The iguana barely misses you.
You hit the iguana but do no damage.
The iguana is lightly wounded.
The iguana completely misses you.
You barely miss the iguana. Your bite misses the iguana.
The iguana is lightly wounded.
The iguana bites you!
Your +2 dagger of venom stops dripping with poison.
You feel a sense of dread.
i - the +1 dagger of Pain and Death (weapon)
{vamp, rElec rC- Will++ rCorr} You barely miss the iguana.
The iguana is moderately wounded.
The iguana bites you.
* * * LOW HITPOINT WARNING * * *
You hit the iguana but do no damage. You bite the iguana, but do no damage.
The iguana is heavily wounded.
The iguana bites you!
You die...

.......#####≈≈.
..###+#
.©.###.#..$#≈≈.
..#~...
####©###...#≈≈.#
..#~...
.........###≈≈..
..#~~~P
#+######.#8.≈≈..
..#~~♣~ ##.≈≈..
..#~~PP
.#(~~.†#..#~P~~
#.≈≈.....#SPP~
#8.≈≈.#@l.###+#
###≈≈ #.#.#P.!.
.g#≈ #.#.#8.©. .
# #+# #####
...©. #... #.#


You could see an iguana (poisoned) and an electric eel.

Vanquished Creatures
  A water moccasin (D:5)
  A phantom (D:5)
  2 jellies (D:5)
  2 iguanas
  2 adders (D:3)
  A worm (D:4)
  2 dart slugs
  An orc (D:5)
  2 ball pythons
  3 endoplasms
  3 giant cockroaches
  8 goblins
  4 hobgoblins
  6 jackals
  3 quokkas
  3 bats (D:1)
  4 frilled lizards
  2 kobolds
  2 rats (D:1)
52 creatures vanquished.

Notes
Turn   | Place    | Note
-------+----------+-------------------------------------------
     0 | D:5      | esper6 the Vine Stalker Delver began the quest for the Orb.
     0 | D:5      | Reached XP level 1. HP: 11/11 MP: 2/2
    11 | D:5      | Noticed an iguana
    47 | D:5      | Noticed a jelly
    83 | D:5      | Noticed a water moccasin
   103 | D:4      | Found an ornate altar of the Wu Jian Council.
   111 | D:4      | Identified the +1 dagger of Pain and Death {vamp, rElec rC-
                  | Will++ rCorr}
   193 | D:3      | Noticed Sigmund
   247 | D:4      | Reached XP level 2. HP: 16/16 MP: 3/3
   260 | D:4      | Found a transporter.
   266 | D:4      | Found a transporter.
   575 | D:1      | Reached XP level 3. HP: 19/19 MP: 4/4
   935 | D:3      | Found a sparkling altar of Nemelex Xobeh.
   960 | D:3      | Found a hazy altar of Hepliaklqana.
   989 | D:3      | Reached skill level 7 in Stealth
  1074 | D:3      | Gained mutation: Your natural rate of healing is unusually
                  | fast. [Vine Stalker growth]
  1074 | D:3      | Reached XP level 4. HP: 23/23 MP: 3/5
  1271 | D:4      | Noticed Eustachio
  1325 | D:5      | Noticed a yak
  1325 | D:5      | Noticed a yak
  1347 | D:5      | Killed a water moccasin
  1348 | D:5      | Reached skill level 8 in Stealth
  1348 | D:5      | Reached XP level 5. HP: 28/28 MP: 6/6
  1362 | D:5      | Reached XP level 6. HP: 32/32 MP: 7/7
  1467 | D:4      | Found a transporter.
  1489 | D:4      | Slain by an iguana

Illustrated notes

Levels and vault maps discovered:
D:1:      lemuel_arrival_tunnels, layout_loops_ring, minmay_fountain_box
D:2:      layout_rooms, basic_altar
D:3:      layout_basic, mainiacjoe_overflow_catch_the_wave, uniq_sigmund
D:4:      gammafunk_steamed_eel, layout_basic, amcnicky_altar_gilded,
          gammafunk_ghost_gnarly_gnolls, uniq_eustachio
D:5:      layout_cave_pools, lemuel_temple_firewalk_b

Skill      XL: |  1  2  3  4 |
---------------+-------------+-----
Short Blades   | 2 3 |  3.6
Stealth        | 7 8 |  8.7
Fighting       | 3 |  3.2
Dodging        | 2 |  2.2

Action                     |  1- 3 |  4- 6 || total
---------------------------+-------+-------++-------
  Melee: Dagger            |   100 |    73 ||   173
         Bite              |    21 |    22 ||    43
         Punch             |     1 |     1 ||     2
         Short sword       |     1 |       ||     1
   Stab: Sleeping          |    14 |     5 ||    19
         Distracted        |     1 |       ||     1
 Armour: Leather armour    |     8 |       ||     8
         Ring mail         |    10 |    13 ||    23
  Dodge: Dodged            |    50 |    20 ||    70
